 Dungeon Crawl Stone Soup version 0.28.0-45-g0d030f2227 (webtiles) character file.

Game seed: 4922014426252903542

492 CryoSword the Sneak (level 7, -1/54 HPs)
             Began as a Vine Stalker Brigand on Apr 8, 2022.
             Succumbed to a kobold brigand's poison
             ... on level 4 of the Dungeon.
             The game lasted 00:08:23 (3970 turns).

CryoSword the Sneak (Vine Stalker Brigand)          Turns: 3970, Time: 00:08:23

Health: -1/54      AC: 23    Str: 14    XL:     7   Next: 14%
Magic:  8/8        EV:  2    Int: 13    God:
Gold:   95         SH:  0    Dex: 15    Spells: 6/6 levels left

rFire   . . .      SeeInvis .   r - +0 dagger (venom)
rCold   . . .      Faith    .   (no shield)
rNeg    . . .      Spirit   +   (armour currently unavailable)
rPois   +          Reflect  .   (helmet currently unavailable)
rElec   .          Harm     .   (cloak currently unavailable)
rCorr   .          Rampage  .   (gloves currently unavailable)
Will    .....      NoTele   +   (boots currently unavailable)
Stlth   +++.......              (no amulet)
HPRegen 0.98/turn               k - ring of wizardry
MPRegen 0.11/turn               (no ring)

@: brilliant, lethally poisoned (-1 -> -3), tree-form
A: stationary, stasis, torment immunity, boosted hp, (fangs 2), regeneration 1,
magic shield, (antimagic bite), no potion heal 2
a: no special abilities


You were on level 4 of the Dungeon.
You were a tree.
You visited 1 branch of the dungeon, and saw 4 of its levels.

You collected 95 gold pieces.

Inventory:

Hand Weapons
 a - a +2 dagger
 r - a +0 dagger of venom (weapon)
   (You took it off an orc on level 4 of the Dungeon)
Missiles
 d - 7 poisoned darts (quivered)
 l - 3 boomerangs
Armour
 b - a +0 robe (melded)
 c - a +0 cloak (melded)
 j - a +0 pair of gloves (melded)
   (You found it on level 1 of the Dungeon)
Jewellery
 k - a ring of wizardry (left branch)
   (You found it on level 2 of the Dungeon)
 q - a ring of wizardry
   (You took it off a kobold on level 4 of the Dungeon)
Scrolls
 e - a scroll of brand weapon {unknown}
 i - 4 scrolls of teleportation {unknown}
 n - 2 scrolls of magic mapping {unknown}
 o - a scroll of vulnerability {!r}
 p - a scroll of fear {unknown}
Potions
 h - a potion of lignification {!q}


   Skills:
 + Level 3.3 Fighting
 * Level 4.5 Short Blades
 + Level 3.3 Throwing
 + Level 2.6 Dodging
 - Level 4.8 Stealth


You had 6 spell levels left.
You didn't know any spells.
Your spell library contained the following spells:

 Spells                   Type           Power      Damage    Failure   Level
 Apportation              Tloc           0%         N/A       12%         1
 Sublimation of Blood     Necr           0%         N/A       19%         2
 Petrify                  Tmut/Erth      0%         N/A       73%         4
 Alistair's Intoxication  Tmut/Pois      0%         N/A       96%         5
 Irradiate                Conj/Tmut      0%         3d14      96%         5


Dungeon Overview and Level Annotations

Branches:
Dungeon (4/15)
 Temple: D:4-7

Altars:

Shops:
D:1 *([*

Annotations:
D:3 Grinder


Innate Abilities, Weirdness & Mutations

You are a tree.
Your roots penetrate the ground, keeping you stationary.
You cannot be teleported.
You are immune to unholy pain and torment.
Your maximum health is greatly increased.
Your equipment is partially melded.
((You have extremely sharp teeth.))
Your natural rate of healing is unusually fast.
When hurt, damage is shared between your health and your magic reserves.
((Your bite disrupts and absorbs the magic of your enemies.))
Potions cannot restore your health.


Message History

You throw a poisoned dart.
The poisoned dart closely misses the gnoll.
Throw: 4 darts (poison)
Aim: a gnoll, wielding a +0 club (poisoned, 64% to hit)
You throw a poisoned dart.
The poisoned dart barely misses the gnoll.
There is a large open door here.
You see here a poisoned dart.
You hit the gnoll but do no damage. You bite the gnoll. You drain its power.
The gnoll misses you.
You hit the gnoll but do no damage.
The gnoll looks even sicker.
Your bite misses the gnoll. The gnoll completely misses you.
You completely miss the gnoll. You bite the gnoll. You drain its power.
You barely miss the gnoll. The gnoll hits you but does no damage.
Throw: 3 darts (poison)
Aim: a gnoll, wielding a +0 club (almost dead, very poisoned, 64% to hit)
You throw a poisoned dart.
The poisoned dart barely misses the gnoll.
You kill the gnoll!
d - 3 poisoned darts (gained 1)
There is a large open door here.
You see here a +0 club.
d - 4 poisoned darts (gained 1)
d - 5 poisoned darts (gained 1)
You see here a +0 club.
d - 6 poisoned darts (gained 1)
d - 7 poisoned darts (gained 1)
d - 8 poisoned darts (gained 1)
d - 10 poisoned darts (gained 2)
Found 14 sling bullets.
There is an open door here.
You see here 14 sling bullets.
You now have 95 gold pieces (gained 7).
Could not explore, unopened door.
Could not explore, unopened door.
Could not explore, unopened door.
You open the door.
A kobold comes into view.
A kobold is nearby!
A kobold is nearby!
There is an open door here.
The helpless kobold fails to defend itself.
You impale the kobold!!
You kill the kobold!
No target in view!
There is an open door here.
Could not explore, unopened door.
Could not explore, unopened door.
You open the door. 2 kobolds and a kobold brigand come into view.
The kobold brigand is wielding a +0 short sword and quivering poisoned darts.
A kobold brigand comes into view.
It is wielding a +0 short sword and quivering poisoned darts.
There is an open door here.
The helpless kobold fails to defend itself.
You impale the kobold!!
You kill the kobold!
The kobold brigand shouts! x2
You hit the kobold but do no damage.
The kobold is poisoned.
You hit the kobold brigand.
You bite the kobold brigand, but do no damage.
You barely miss the kobold brigand. You bite the kobold brigand.
You drain its power. The kobold brigand barely misses you.
You miss the kobold brigand. You bite the kobold brigand. You drain its power.
You barely miss the kobold. You bite the kobold, but do no damage.
The kobold brigand hits you with a +0 short sword!
The kobold brigand closely misses you. The kobold closely misses you.
You kill the kobold!
The kobold brigand hits you with a +0 short sword.
The kobold brigand throws a poisoned dart.
The poisoned dart barely misses you.
There is an open door here.
Throw: 10 darts (poison)
Aim: a kobold brigand, wielding a +0 short sword and quivering poisoned darts (53% to hit)
You throw a poisoned dart.
The poisoned dart barely misses the kobold brigand.
Throw: 9 darts (poison)
Aim: a kobold brigand, wielding a +0 short sword and quivering poisoned darts (53% to hit)
Okay, then.
You hit the kobold brigand but do no damage.
The kobold brigand is poisoned.
Your bite misses the kobold brigand. The kobold brigand misses you.
The kobold brigand hits you with a +0 short sword.
Throw: 9 darts (poison)
Aim: a kobold brigand, wielding a +0 short sword and quivering poisoned darts (moderately wounded, 53% to hit)
You throw a poisoned dart.
The poisoned dart hits the kobold brigand.
The kobold brigand looks even sicker.
You miss the kobold brigand. Your bite misses the kobold brigand.
You hit the kobold brigand.
The kobold brigand is poisoned.
The kobold brigand hits you with a +0 short sword.
The kobold brigand closely misses you.
You barely miss the kobold brigand. The kobold brigand closely misses you.
The kobold brigand hits you with a +0 short sword.
You hit the kobold brigand.
The kobold brigand looks as sick as possible!
Your bite misses the kobold brigand.
The kobold brigand hits you with a +0 short sword.
You closely miss the kobold brigand.
You bite the kobold brigand, but do no damage.
The kobold brigand hits you with a +0 short sword!
* * * LOW HITPOINT WARNING * * *
You closely miss the kobold brigand.
The kobold brigand hits you with a +0 short sword.
* * * LOW HITPOINT WARNING * * *
The kobold brigand hits you with a +0 short sword.
* * * LOW HITPOINT WARNING * * *
The kobold brigand throws a poisoned dart.
The poisoned dart closely misses you.
The kobold brigand throws a poisoned dart.
The poisoned dart hits you!
You are poisoned.
You feel very sick.
You feel sick.
The kobold brigand throws a poisoned dart.
The poisoned dart hits you!
You are lethally poisoned!
You see here a +0 club.
Really quaff
h - 2 potions of lignification {!q}?
Really quaff the potion of lignification?
You turn into a tree.
Your +0 cloak melds into your body.
Your +0 pair of gloves melds into your body.
Your +0 robe melds into your body.
Your roots penetrate the ground.
* * * LOW HITPOINT WARNING * * *
You feel very sick.
The kobold brigand throws a poisoned dart.
The poisoned dart hits you!
The kobold brigand throws a poisoned dart.
The poisoned dart hits you!
It was a potion of brilliance.
You feel clever all of a sudden.
* * * LOW HITPOINT WARNING * * *
You feel very sick.
You kill the kobold brigand!
The kobold brigand throws a poisoned dart.
The poisoned dart completely misses you.
You have reached level 7!
It was a potion of flight.
Your roots keep you in place.
* * * LOW HITPOINT WARNING * * *
You feel sick.
It was a potion of magic.
Magic courses through your body.
* * * LOW HITPOINT WARNING * * *
You feel sick.
The kobold brigand throws a poisoned dart.
The poisoned dart hits you!
Throw: 8 darts (poison)
Aim: a kobold brigand, wielding a +0 short sword and quivering poisoned darts (almost dead, poisoned, 53% to hit)
You throw a poisoned dart.
The poisoned dart hits the kobold brigand.
The kobold brigand looks even sicker.
You die...

≈≈.≈≈.≈≈≈≈.≈≈≈..≈≈≈≈≈.....≈.≈.≈≈≈
≈≈≈≈≈≈≈≈≈≈≈≈≈≈≈≈≈≈≈≈≈≈....≈≈≈≈≈≈≈
≈≈≈≈≈≈≈≈≈≈≈≈≈≈≈≈≈≈≈≈≈≈..).≈≈≈≈≈≈≈
≈≈≈≈≈≈≈≈≈≈≈≈≈≈≈≈≈≈≈≈≈≈....≈≈≈≈≈≈≈
#######################''########
...........#.).)...#..).#
...........'.....(.#....#
..........(#########....#######
########...)K.♣...#...)..#....K
#..........'.....^'.....
#######...(......#......#.....
..........#########....#######
..........'.(.....#....#
..........#.......#....#
########################


You could see a kobold brigand (very poisoned).

Vanquished Creatures
  An ogre (D:4)
  A kobold brigand (D:4)
  A scorpion (D:4)
  An orc priest (D:4)
  A bullfrog skeleton (D:4)
  3 iguanas (D:4)
  2 adders
  2 gnolls (D:4)
  A white imp (D:4)
  An adder skeleton (D:4)
  A worm (D:2)
  2 dart slugs
  9 orcs (D:4)
  6 bats
  6 endoplasms
  2 giant cockroaches
  5 goblins
  7 hobgoblins
  8 jackals
  3 quokkas
  5 ball pythons
  A frilled lizard (D:2)
  15 kobolds
  8 rats
92 creatures vanquished.

Notes
Turn   | Place    | Note
-------+----------+-------------------------------------------
     0 | D:1      | CryoSword the Vine Stalker Brigand began the quest for the
                  | Orb.
     0 | D:1      | Reached XP level 1. HP: 11/11 MP: 2/2
   248 | D:1      | Found Butonel's Assorted Antiques.
   452 | D:1      | Reached skill level 1 in Dodging
   452 | D:1      | Reached XP level 2. HP: 15/15 MP: 3/3
   465 | D:1      | Found Piodor's Weapon Shop.
   473 | D:1      | Found Uzawahuis's Armour Shop.
   476 | D:1      | Found Citaer's General Store.
  1180 | D:2      | Reached XP level 3. HP: 16/18 MP: 4/4
  2282 | D:3      | Gained mutation: Your natural rate of healing is unusually
                  | fast. [Vine Stalker growth]
  2282 | D:3      | Reached XP level 4. HP: 23/23 MP: 5/5
  2361 | D:3      | Noticed Grinder
  2827 | D:4      | Noticed an ogre
  2841 | D:4      | Killed an ogre
  2842 | D:4      | Reached XP level 5. HP: 27/27 MP: 6/6
  2912 | D:4      | Reached XP level 6. HP: 10/32 MP: 3/7
  3967 | D:4      | HP: 2/48 [poisoned by a kobold brigand]
  3968 | D:4      | Reached XP level 7. HP: 3/36 MP: 1/8
  3970 | D:4      | Succumbed to a kobold brigand's poison

Illustrated notes

Levels and vault maps discovered:
D:1:      psy_arrival_radial02, layout_basic, serial_shops, nicolae_shop_stone,
          nicolae_shop_bloodbath_and_beyond, nicolae_shop_behind_doors, shop
D:2:      layout_loops_cross, nrook_loot_triangle
D:3:      layout_loops_ring, uniq_grinder
D:4:      minmay_goblin_kobold_castle, layout_loops_corners, grunt_decor_clamped

Skill      XL: |  1  2  3  4  5  6 |
---------------+-------------------+-----
Short Blades   | 2 3 4 |  4.5
Dodging        | 1 2 |  2.6
Fighting       | 2 3 |  3.3
Throwing       | 2 3 |  3.3
Stealth        | |  4.8

Action                   |  1- 3 |  4- 6 |  7- 9 || total
-------------------------+-------+-------+-------++-------
Melee: Dagger            |    83 |   170 |       ||   253
       Bite              |    23 |    44 |       ||    67
       Punch             |     1 |     4 |       ||     5
Throw: Dart              |     4 |    33 |     1 ||    38
  Use: Scroll            |     1 |     2 |       ||     3
       Potion            |       |     2 |     2 ||     4
 Stab: Sleeping          |    13 |     7 |       ||    20
Armor: Robe              |    11 |    27 |       ||    38
Dodge: Dodged            |    41 |    75 |       ||   116
